 Seeded DCSS version 0.30.0-29-ga12c61a403 (webtiles) character file.

Game seed: 7229806256980976716 (custom seed)

127340 RascalDebosk the Eclecticist (level 17, 0/147 HPs)
             Began as a Djinni Conjurer on June 4, 2023.
             Was the Champion of Ashenzari.
             Slain by a nagaraja
             ... wielding a +0 spear of pain
              (37 damage)
             ... on level 4 of the Snake Pit.
             The game lasted 03:21:34 (23722 turns).

RascalDebosk the Eclecticist (Djinni Conjurer)     Turns: 23722, Time: 03:21:35

Health: 0/147      AC: 17    Str:  6    XL:     17   Next: 56%
Gold:   337        EV: 16    Int: 32    God:    Ashenzari [******] SH:  0 Dex: 23

rFire   + + .        c - +6 great sword of Supernal Knowledge {flame, Self, Range} (curse)
rCold   x . .        (shield currently unavailable)
rNeg    + . .        S - +3 scale mail of Ashenzari's Loss {Dex+8, Evo, Self} (curse)
rPois   ∞            B - +3 crown of Dyrovepreva {rElec Int+2 SInv, Self, Range} (curse)
rElec   +            L - +1 cloak of Starlight {*Dazzle EV+4 Stlth--, Cun, Range} (curse)
rCorr   +            e - +0 pair of fencer's gloves {Riposte Dex+3, Range, Self} (curse)
SInv    +            (boots unavailable)
Will    +....        C - amulet of Ashenzari's Sun {rPois Regen+ rCorr Int-4, Melee, Self} (curse) Stlth
                     M - ring "Bound Mutualism" {rN+, Evo, Fort} (curse)
HPRegen 1.24/turn    P - ring of Ashenzari's Prison {Int+6, Evo, Self} (curse)
MPRegen 0.00/turn

%: clarity, infuse magic (-1 HP)
@: death channelling, weakened, untranslocatable, flying
A: sickness immunity, fire resistance 2, cold vulnerability 1, float, innate
caster, HP casting, extra vitality 1
a: Renounce Religion, Shatter the Chains


You were on level 4 of the Snake Pit.
You worshipped Ashenzari.
Ashenzari was exalted by your worship.
You visited 5 branches of the dungeon, and saw 25 of its levels.
You also visited: Ossuary and Bailey.

You collected 3817 gold pieces.
You spent 3480 gold pieces at shops.

Inventory:

Hand Weapons
 c - the cursed +6 great sword of Supernal Knowledge (weapon) {flame, Self, Range}
   (You took it off a wight on level 8 of the Dungeon)

   It has a curse which improves the following skills: Introspection: Fighting
   and Spellcasting.
   Ranged Combat: Ranged Weapons and Throwing.
 Q - a +2 vampiric great sword
Missiles
 b - 2 throwing nets {@!f}
 q - 21 poisoned darts (quivered)
 r - 2 silver boomerangs
 H - 2 atropa-tipped darts
 K - 2 boomerangs
Armour
 e - the cursed +0 pair of fencer's gloves (worn) {Riposte Dex+3, Range, Self}
   (You acquired it on level 1 of the Dungeon)

   Riposte:   It allows the wearer to riposte with melee weapons, swiftly
   retaliating against missed or blocked melee attacks.
   Dex:       It affects your dexterity (+3).
   It has a curse which improves the following skills: Ranged Combat: Ranged
   Weapons and Throwing.
   Introspection: Fighting and Spellcasting.
 o - a +0 troll leather armour
 B - the cursed +3 crown of Dyrovepreva (worn) {rElec Int+2 SInv, Self, Range}
   (You bought it in a shop on level 2 of the Orcish Mines)

   Int:       It affects your intelligence (+2).
   rElec:     It insulates you from electricity.
   SInv:      It lets you see invisible.
   It has a curse which improves the following skills: Introspection: Fighting
   and Spellcasting.
   Ranged Combat: Ranged Weapons and Throwing.
 L - the cursed +1 cloak of Starlight (worn) {*Dazzle EV+4 Stlth--, Cun, Range}
   (You acquired it on level 1 of the Dungeon)

   *Dazzle:   It may blind those who miss an attack against the wearer in melee
   combat.
   EV:        It affects your evasion (+4).
   Stlth:     It makes you much less stealthy.
   It has a curse which improves the following skills: Cunning: Dodging and
   Stealth.
   Ranged Combat: Ranged Weapons and Throwing.
 S - the cursed +3 scale mail of Ashenzari's Loss (worn) {Dex+8, Evo, Self}
   (You bought it in a shop on level 2 of the Orcish Mines)

   Dex:       It affects your dexterity (+8).
   It has a curse which improves the following skills: Evocations: Evocations.
   Introspection: Fighting and Spellcasting.
Jewellery
 C - the cursed amulet of Ashenzari's Sun (around neck) {rPois Regen+ rCorr Int-4, Melee, Self}
   (You bought it in a shop on level 2 of the Orcish Mines)

   [amulet of regeneration]

   Int:       It affects your intelligence (-4).
   rPois:     It protects you from poison.
   Regen:     It increases your rate of health regeneration.
   rCorr:     It protects you from acid and corrosion.
   It has a curse which improves the following skills: Melee Combat: Short
   Blades, Long Blades, Axes, Maces & Flails, Polearms, Staves and Unarmed
   Combat.
   Introspection: Fighting and Spellcasting.
 M - the cursed ring "Bound Mutualism" (left hand) {rN+, Evo, Fort}
   (You found it on level 6 of the Dungeon)

   [ring of positive energy]

   rN:        It protects you from negative energy.
   It has a curse which improves the following skills: Evocations: Evocations.
   Fortitude: Armour and Shields.
 P - the cursed ring of Ashenzari's Prison (right hand) {Int+6, Evo, Self}
   (You bought it in a shop on level 2 of the Orcish Mines)

   [ring of intelligence]

   Int:       It affects your intelligence (+6).
   It has a curse which improves the following skills: Evocations: Evocations.
   Introspection: Fighting and Spellcasting.
 V - a ring of protection from cold
 X - a ring of fire
 Y - a ring of protection from fire
Wands
 h - a wand of digging (5)
 i - a wand of charming (34)
 s - a wand of iceblast (21)
 T - a wand of acid (5)
 U - a wand of mindburst (9)
 W - a wand of polymorph (6)
 Z - a wand of flame (3)
Scrolls
 f - 4 scrolls of fog
 g - 4 scrolls of blinking
 p - 7 scrolls of poison
 t - 18 scrolls of teleportation
 u - a scroll of butterflies
 w - a scroll of enchant weapon
 x - 12 scrolls of vulnerability
 y - 3 scrolls of silence
 A - 6 scrolls of magic mapping
 G - a scroll of brand weapon
 I - 4 scrolls of torment
 J - 6 scrolls of immolation
 O - 2 scrolls of fear
 R - a scroll of enchant armour
Potions
 a - 3 potions of resistance
 d - 3 potions of ambrosia
 j - 22 potions of curing
 k - 6 potions of mutation
 l - 9 potions of might
 m - 6 potions of brilliance
 n - a potion of invisibility
 v - 8 potions of attraction
 z - 4 potions of berserk rage
 D - 3 potions of cancellation
 E - 14 potions of heal wounds
 F - 4 potions of lignification
 N - 2 potions of haste


   Skills:
 + Level 14.1(21.6) Fighting
 + Level 11.5(13.9) Long Blades
 - Level 4.0(9.0) Throwing
 - Level 4.0(6.2) Armour
 - Level 11.9(14.3) Dodging
 - Level 1.5(3.2) Stealth
 * Level 15.9(23.4) Spellcasting
 - Level 4.0(8.2) Evocations


You knew the following spells:

 Your Spells              Type           Power      Damage    Failure   Level
a - Magic Dart            Conj           100%       1d8       0%          1
b - Searing Ray           Conj           100%       2d8       0%          2
c - Dazzling Flash        Conj/Hex       100%       N/A       0%          3
d - Fulminant Prism       Conj/Hex       56%        3d24      0%          4
e - Iskenderun's Mystic   Conj/Tloc      100%       2d19      0%          4
f - Kiss of Death         Conj/Necr      100%       2d13      0%          1
g - Ensorcelled Hibernat  Hex/Ice        100%       N/A       0%          2
h - Lesser Beckoning      Tloc           100%       N/A       0%          2
i - Gell's Gravitas       Tloc           100%       N/A       0%          3
j - Passage of Golubria   Tloc           100%       N/A       0%          4
k - Agony                 Necr           100%       N/A       0%          5
l - Death Channel         Necr           56%        N/A       1%          6
m - Dispersal             Tloc           56%        N/A       1%          6
Your spell library was empty.

Dungeon Overview and Level Annotations

Branches:
Dungeon (13/15)            Temple (1/1) D:4            Lair (5/5) D:11
  Swamp (0/4) Lair:2        Snake (4/4) Lair:3        Slime (0/5) Lair:4
    Orc (2/2) D:12            Elf (0/3) Orc:2       Ossuary (visited)
 Bailey (visited)
 Vaults: D:13-14

Altars:
Ashenzari
Cheibriados
Dithmenos
Elyvilon
Fedhas
Gozag
Hepliaklqana
Makhleb
Nemelex Xobeh
Okawaru
Qazlal
Ru
Trog
Uskayaw
Wu Jian
Xom
Yredelemnul
Zin
The Shining One
Jiyva

Shops:
D:6 :   D:10 :   Orc:1 *   Orc:2 **[[[!(?==   Snake:2 *   Snake:4 *

Portals:
Trove: D:12 (give 13 potions of heal wounds)

Annotations:
D:3 3 runed translucent doors, suzumiya's ghost, amateur HuGl


Innate Abilities, Weirdness & Mutations

You are immune to sickness and miasma.
You are immune to poison.
Your flesh is very heat resistant. (rF++)
You are vulnerable to cold. (rC-)
You float through the air rather than walking.
You learn spells naturally, not from books.
Your magical power is your life essence.
You have superior vitality. (+4 MHP)


Message History

The bolt of poison hits the naga warrior.
The bolt of poison misses you.
The naga warrior roars a battlecry!
The naga warrior goes into a battle-frenzy!
The nagaraja barely misses your spectral naga mage.
The naga sharpshooter unwields a +0 long sword.
The naga sharpshooter wields a +0 shortbow.
The naga sharpshooter casts a spell.
The naga sharpshooter magically shoots an arrow.
The arrow misses you.
The salamander hits you from afar with a +0 halberd!
* * * LOW HITPOINT WARNING * * *
You are engulfed in flames.
You resist.
* * * LOW HITPOINT WARNING * * *
Casting: Iskenderun's Mystic Blast (safe; 0% risk of failure)
Confirm with . or Enter, or press ? or * to list all spells.
Really blast near your spectral naga and spectral naga mage?
You erupt in a blast of force!
The mystic blast hits the nagaraja.
The nagaraja is moderately wounded.
The nagaraja is knocked back by the mystic blast.
The nagaraja collides with the naga sharpshooter!
The naga sharpshooter is lightly wounded.
The nagaraja is moderately wounded.
The mystic blast hits the nagaraja!
The nagaraja is severely wounded.
The nagaraja is knocked back by the mystic blast.
The nagaraja slams into the rock wall!
The nagaraja is severely wounded.
The mystic blast hits the salamander!!
You kill the salamander!
The mystic blast hits the nagaraja!!
The nagaraja is severely wounded.
The nagaraja is knocked back by the mystic blast.
The nagaraja slams into the rock wall!
The nagaraja is severely wounded.
The mystic blast hits your spectral naga.
Your spectral naga is lightly damaged.
The spectral naga is knocked back by the mystic blast.
The mystic blast hits the spectral salamander tyrant!!
The spectral salamander tyrant is heavily damaged.
The spectral salamander tyrant is knocked back by the mystic blast.
The mystic blast hits the naga warrior!
The naga warrior is severely wounded.
The naga warrior is knocked back by the mystic blast.
The naga warrior collides with the nagaraja!
The naga warrior is severely wounded.
The mystic blast hits your spectral naga mage!!
Your spectral naga mage is heavily damaged.
The spectral naga mage is knocked back by the mystic blast.
* * * LOW HITPOINT WARNING * * *
You hear an angry hiss.
You hear a shout!
A naga mage comes into view. It is wielding a +0 flail.
The nagaraja hits you from afar with a +0 spear of pain!
* * * LOW HITPOINT WARNING * * *
You writhe in agony.
* * * LOW HITPOINT WARNING * * *
The naga mage casts a spell at the naga mage.
The naga mage seems to grow toxic.
The nagaraja points at you and mumbles some strange words.
The bolt of poison hits the spectral naga mage.
The spectral naga mage completely resists.
The bolt of poison misses you.
The spectral salamander tyrant hits you but does no damage.
Casting: Iskenderun's Mystic Blast (safe; 0% risk of failure)
Confirm with . or Enter, or press ? or * to list all spells.
Really blast near your spectral salamander tyrant?
Okay, then.
Casting: Iskenderun's Mystic Blast (safe; 0% risk of failure)
Confirm with . or Enter, or press ? or * to list all spells.
Really blast near your spectral salamander tyrant?
You erupt in a blast of force!
The mystic blast hits the naga mage!!
The naga mage is almost dead.
The naga mage is knocked back by the mystic blast.
The mystic blast hits your spectral salamander tyrant but does no damage.
The mystic blast hits the nagaraja!
The nagaraja is almost dead.
The nagaraja is knocked back by the mystic blast.
The nagaraja slams into the rock wall!
The nagaraja is almost dead.
The mystic blast hits the nagaraja!!
You kill the nagaraja!
The mystic blast hits the naga sharpshooter!
The naga sharpshooter is lightly wounded.
The mystic blast hits the spectral naga!!
You destroy the spectral naga!
The mystic blast hits the spectral salamander tyrant!
The spectral salamander tyrant is severely damaged.
The spectral salamander tyrant is knocked back by the mystic blast.
The mystic blast hits the naga warrior!
The naga warrior is almost dead.
The mystic blast hits the spectral naga mage!
The spectral naga mage is almost destroyed.
The spectral naga mage is knocked back by the mystic blast.
* * * LOW HITPOINT WARNING * * *
A glowing mist starts to gather...
A naga mage comes into view. It is wielding a +0 flail.
The naga mage gestures at the naga sharpshooter while chanting.
The naga sharpshooter seems to grow toxic.
The nagaraja hits you from afar with a +0 spear of pain!!!
You die...

**,,,,,,,,,,,,,,,,,,,,,**,,,*
*,,,,,,*{{.........,..,,*,,**
,,,,,,,,.N.#.........,,,,,,*
,,,,*,..{....#...N#{{,,.,,,*
,,,,,,........NN#N{{,,..,,,*
{{{{,*##...⌠..NN#NN.#...,,,*
,{,,##........#NN##N....,,**
{,,*#.........N..ZN)....,,*
,,,,#..#....{#ZN@)#,,,,,,,*
,{,,#........Z.≈..#,,,,,,**
**,,#.......[..Z..#,,,,***
***#...........†$#*****
######...##...####***********
#......|...........,,,,,,,,,*
###...)#####.........,*,,,,,,**
.......# **#..#......***,,,,**
.....))# *,...##....#* **,,**


You could see 2 nagarajas, a naga warrior (strong, curare), 3 naga
sharpshooters, a salamander mystic (strong), a spectral naga mage (ally target),
a spectral salamander tyrant, 6 naga magi, a naga (strong, curare), a friendly
spectral nagaraja and a friendly spectral salamander tyrant.

Vanquished Creatures
  Rupert (Snake:1)
  Kirke (Lair:4)
  2 nagarajas
  Roxanne (Snake:1)
  An orc warlord (Bailey)
  3 salamander tyrants
  5 hydras
  Erolcha (D:11)
  A ghost crab (Lair:2)
  An ogre mage (Orc:1)
  8 anacondas
  A boulder beetle (D:11)
  A centaur warrior (D:12)
  4 two-headed ogres
  4 catoblepae (Lair:5)
  6 death yaks (Lair:5)
  4 naga sharpshooters
  7 shock serpents
  A skyshark (Lair:5)
  4 salamander mystics
  Lodul (D:11)
  3 naga ritualists
  A swamp dragon (Lair:4)
  2 orc knights
  A lindwurm (Lair:5)
  A cyclops (Orc:2)
  An oklob plant (Lair:5)
  An ugly thing (D:12)
  5 mana vipers
  3 manticores
  10 salamanders
  A guardian serpent (Snake:3)
  Maurice (D:11)
  19 black mambas
  5 elephants (Lair:4)
  9 naga magi
  3 torpor snails
  9 cane toads
  A rime drake (Lair:2)
  2 gargoyles (D:10)
  6 komodo dragons
  2 trolls
  A polar bear (Lair:5)
  A tyrant leech (Lair:4)
  3 hornets (Orc:1)
  7 blink frogs
  7 dream sheep (Lair:5)
  8 slime creatures (D:12)
  4 shadows
  2 vampires
  8 spriggans (D:10)
  3 wraiths
  69 yaks
  5 hogs (Lair:4)
  2 fire elementals (Snake:3)
  6 wyverns
  6 basilisks
  2 humans (D:12)
  12 vampire mosquitoes
  2 wargs
  6 swamp worms (Lair:4)
  2 acid dragons (D:10)
  22 nagas
  11 water moccasins
  A floating eye (Orc:1)
  54 orc warriors
  2 swamp drakes (Lair:4)
  3 black bears
  A spectral yak (Lair:2)
  2 ice beasts
  A sky beast (D:6)
  2 hornet zombies (Ossuary)
  13 ogres
  A spectral rime drake (Lair:2)
  15 centaurs
  9 wolves (Lair:1)
  A spectral basilisk (Lair:2)
  2 kobold brigands
  14 bullfrogs
  A gnoll sergeant (D:7)
  6 scorpions
  2 spectral water moccasins (Lair:2)
  2 wyvern zombies (Ossuary)
  2 water moccasin zombies (Ossuary)
  7 wights
  12 killer bees
  A howler monkey (D:6)
  8 electric eels
  3 bullfrog zombies (Ossuary)
  2 centaur zombies (Ossuary)
  A gnoll bouda (D:6)
  2 jellies
  18 orc priests
  3 hounds
  An iguana (D:6)
  2 sleepcaps
  3 hell rats (Lair:5)
  17 orc wizards
  3 killer bee zombies (Ossuary)
  16 mummies
  2 howler monkey zombies (Ossuary)
  14 gnolls
  9 adders
  2 shadow imps
  2 white imps (D:8)
  2 ufetubi
  3 worms
  87 orcs
  5 bats
  4 endoplasms
  6 giant cockroaches
  18 goblins
  15 hobgoblins
  20 jackals
  10 kobolds
  4 quokkas
  6 ball pythons
  A frilled lizard (D:1)
  A goblin zombie (D:4)
  An orc zombie (D:4)
  4 rats
  A fulminant prism (Orc:2)
783 creatures vanquished.

Vanquished Creatures (collateral kills)
  A nagaraja (Snake:3)
  Azrael (Snake:3)
  A salamander tyrant (Snake:3)
  An anaconda (Snake:4)
  3 death yaks (Lair:5)
  2 naga warriors (Snake:3)
  A naga sharpshooter (Snake:1)
  3 shock serpents
  2 naga ritualists
  2 mana vipers (Snake:2)
  3 salamanders
  A guardian serpent (Snake:3)
  4 black mambas
  2 naga magi
  2 cane toads
  A komodo dragon (Lair:3)
  A polar bear (Lair:5)
  A blink frog (Lair:5)
  2 dream sheep (Lair:5)
  A fire elemental (Snake:3)
  5 yaks (Lair:5)
  8 nagas
  2 water moccasins
  A hell hound (Snake:3)
  A bullfrog (Lair:3)
  A hell rat (Lair:5)
53 creatures vanquished.

Vanquished Creatures (others)
  A salamander tyrant (Snake:4)
  209 fulminant prisms
210 creatures vanquished.

Grand Total: 1046 creatures vanquished

Notes
Turn   | Place    | Note
-------+----------+-------------------------------------------
     0 | D:1      | RascalDebosk the Djinni Conjurer began the quest for the
                  | Orb.
     0 | D:1      | RascalDebosk set off with the following spells memorised:
                  | Magic Dart, Searing Ray, Dazzling Flash, Fulminant Prism,
                  | Iskenderun's Mystic Blast.
     0 | D:1      | Reached XP level 1. HP: 15/15 MP: 0/0
    74 | D:1      | Identified 3 scrolls of acquirement
    74 | D:1      | Acquired the +0 pair of fencer's gloves {Riposte Dex+3}
    74 | D:1      | Found the +0 pair of fencer's gloves {Riposte Dex+3}
    80 | D:1      | Acquired the +1 cloak of Starlight {*Dazzle EV+4 Stlth--}
    80 | D:1      | Found the +1 cloak of Starlight {*Dazzle EV+4 Stlth--}
    86 | D:1      | Acquired 1100 gold pieces
   120 | D:1      | Reached XP level 2. HP: 20/21 MP: 0/0
   268 | D:1      | Reached XP level 3. HP: 23/25 MP: 0/0
   268 | D:1      | Learned a level 1 spell: Kiss of Death
   375 | D:1      | You are sucked into a shaft and drop 1 floor!
   387 | D:2      | Reached skill level 4 in Spellcasting
  1053 | D:2      | Reached XP level 4. HP: 27/31 MP: 0/0
  1165 | D:2      | Reached XP level 5. HP: 5/36 MP: 0/0
  1165 | D:2      | Learned a level 2 spell: Ensorcelled Hibernation
  1676 | D:2      | Reached skill level 1 in Fighting
  1913 | D:3      | Found a runed translucent gate.
  1913 | D:3      | Found a runed translucent gate.
  1913 | D:3      | Found a runed translucent gate.
  1951 | D:3      | Found a glowing silver altar of Zin.
  2290 | D:3      | Noticed suzumiya's ghost (amateur HuGl)
  2468 | D:4      | Reached skill level 5 in Spellcasting
  2468 | D:4      | Reached XP level 6. HP: 34/43 MP: 0/0
  2470 | D:4      | Found a white marble altar of Elyvilon.
  2483 | D:4      | Reached skill level 1 in Evocations
  2502 | D:4      | Reached skill level 1 in Throwing
  2630 | D:4      | Found a sand-covered staircase.
  2638 | Ossuary  | Entered an ossuary
  2718 | Ossuary  | Reached XP level 7. HP: 14/49 MP: 0/0
  2718 | Ossuary  | Learned a level 2 spell: Lesser Beckoning
  3251 | Ossuary  | Reached XP level 8. HP: 46/56 MP: 0/0
  3317 | Ossuary  | Reached skill level 6 in Spellcasting
  4077 | D:4      | Found a staircase to the Ecumenical Temple.
  4085 | Temple   | Entered the Ecumenical Temple
  4131 | Temple   | Became a worshipper of Ashenzari the Shackled
  4319 | D:4      | Found a stormy altar of Qazlal.
  4540 | D:4      | Found a glowing golden altar of the Shining One.
  4738 | D:5      | Entered Level 5 of the Dungeon
  5678 | D:6      | Reached XP level 9. HP: 48/62 MP: 0/0
  5678 | D:6      | Learned a level 3 spell: Gell's Gravitas
  6035 | D:6      | Reached skill level 7 in Spellcasting
  6462 | D:6      | Reached skill level 5 in Fighting
  6816 | D:6      | Reached skill level 1 in Armour
  7073 | D:6      | Found Xixtot's Book Boutique.
  7362 | D:7      | Identified the +8 trident "Idaugra" {freeze, Stlth+}
  7443 | D:7      | Reached XP level 10. HP: 19/72 MP: 0/0
  7644 | D:7      | Found a flagged portal.
  7653 | Bailey   | Entered a bailey
  7674 | Bailey   | Reached skill level 8 in Spellcasting
  8176 | Bailey   | Noticed an orc knight
  8187 | Bailey   | Killed an orc knight
  8197 | Bailey   | Noticed an orc warlord
  8217 | Bailey   | Killed an orc warlord
  8218 | Bailey   | Reached skill level 1 in Long Blades
  8218 | Bailey   | Reached skill level 9 in Spellcasting
  8218 | Bailey   | Identified the +0 chain mail of Saogadd {rC+ rN+++ Str+2
                  | Int-2}
  8693 | D:7      | Reached XP level 11. HP: 73/79 MP: 0/0
  8693 | D:7      | Learned a level 4 spell: Passage of Golubria
  9307 | D:7      | Reached * piety under Ashenzari
  9318 | D:7      | Reached skill level 5 in Dodging
  9318 | D:7      | Reached skill level 10 in Spellcasting
  9318 | D:7      | Reached XP level 12. HP: 88/88 MP: 0/0
  9350 | D:8      | Reached ** piety under Ashenzari
 11055 | D:9      | Noticed a two-headed ogre
 11062 | D:9      | Killed a two-headed ogre
 11417 | D:9      | Reached skill level 5 in Long Blades
 11740 | D:9      | Identified the +7 battleaxe of Sustre {heavy, Str+5}
 11807 | D:9      | Found a bloodstained altar of Trog.
 11807 | D:9      | Identified the Papyrus of Retrieval
 11947 | D:10     | Entered Level 10 of the Dungeon
 12108 | D:10     | Reached skill level 11 in Spellcasting
 12481 | D:10     | Noticed a two-headed ogre
 12492 | D:10     | Killed a two-headed ogre
 12527 | D:10     | Found an opulent altar of Gozag.
 12542 | D:10     | Reached XP level 13. HP: 95/97 MP: 0/0
 12542 | D:10     | Learned a level 5 spell: Agony
 12619 | D:10     | Found Ycypaut's Book Shoppe.
 13329 | D:11     | Noticed Lodul
 13336 | D:11     | Killed Lodul
 13410 | D:11     | Found a staircase to the Lair.
 13483 | D:11     | Noticed Maurice
 13491 | D:11     | Killed Maurice
 13492 | D:11     | Reached skill level 10 in Fighting
 13492 | D:11     | Noticed Erolcha
 13503 | D:11     | Killed Erolcha
 14011 | D:12     | Reached skill level 12 in Spellcasting
 14085 | D:12     | Found a portal to a secret trove of treasure.
 14403 | D:12     | Found a staircase to the Orcish Mines.
 14414 | D:12     | Reached *** piety under Ashenzari
 14570 | D:12     | Noticed a centaur warrior
 14577 | D:12     | Killed a centaur warrior
 14682 | D:12     | Found an iron altar of Okawaru.
 14728 | D:12     | Reached XP level 14. HP: 108/108 MP: 0/0
 15001 | Orc:1    | Entered Level 1 of the Orcish Mines
 15159 | Orc:2    | Entered Level 2 of the Orcish Mines
 15159 | Orc:2    | Found Cuownes's Magic Scroll Shoppe.
 15209 | Orc:1    | Reached **** piety under Ashenzari
 15232 | Orc:2    | Found Voallin's Antique Weapon Boutique.
 15668 | Orc:2    | Found a staircase to the Elven Halls.
 15709 | Orc:2    | Found Eshryuthy's General Store.
 15713 | Orc:2    | Found Cefigh's Specific Store.
 15713 | Orc:2    | Found Tygilis's General Store.
 15715 | Orc:2    | Bought a scroll of teleportation for 30 gold pieces
 15715 | Orc:2    | Bought a potion of curing for 30 gold pieces
 15715 | Orc:2    | Bought a wand of iceblast (4) for 96 gold pieces
 15724 | Orc:2    | Bought a wand of charming (6) for 187 gold pieces
 15813 | Orc:2    | Found Qacsuasuka's Antique Armour Shop.
 15813 | Orc:2    | Found Toije's Antique Armour Shoppe.
 15813 | Orc:2    | Found Ulefeotz's Distillery.
 15816 | Orc:2    | Found Salolel's Antique Armour Boutique.
 15821 | Orc:2    | Bought a smelly scale mail for 288 gold pieces
 15821 | Orc:2    | Identified the +3 scale mail "Rocug" {Dex+8} (You bought it
                  | in a shop on level 2 of the Orcish Mines)
 15823 | Orc:2    | Bought a potion of heal wounds for 65 gold pieces
 15823 | Orc:2    | Bought a potion of curing for 39 gold pieces
 15823 | Orc:2    | Bought a potion of curing for 39 gold pieces
 15823 | Orc:2    | Bought a potion of curing for 39 gold pieces
 15823 | Orc:2    | Bought a potion of resistance for 130 gold pieces
 15828 | Orc:2    | Bought the +3 crown of Dyrovepreva {rElec Int+2 SInv} for
                  | 910 gold pieces
 15828 | Orc:2    | Found the +3 crown of Dyrovepreva {rElec Int+2 SInv}
 15897 | Orc:2    | Found Benloydgh's Jewellery Boutique.
 15930 | Orc:2    | Found Ozaus's Jewellery Shoppe.
 15934 | Orc:2    | Bought the amulet of Benevolence {rPois Regen+ rCorr Int-4}
                  | for 691 gold pieces
 16361 | Orc:1    | Paralysed by a floating eye for 3 turns
 16474 | Orc:1    | Found Yfont's Overcharged Wands.
 16708 | Lair:1   | Entered Level 1 of the Lair of Beasts
 16722 | Lair:1   | Reached ***** piety under Ashenzari
 16976 | Orc:2    | Bought a +6 ring of intelligence for 468 gold pieces
 17271 | Lair:1   | Reached skill level 10 in Dodging
 17337 | Lair:1   | Reached skill level 13 in Spellcasting
 17917 | Lair:2   | Found a staircase to the Swamp.
 18570 | Lair:3   | Reached XP level 15. HP: 114/122 MP: 0/0
 18570 | Lair:3   | Learned a level 6 spell: Death Channel
 18589 | Lair:3   | Found a staircase to the Snake Pit.
 19483 | Lair:4   | Noticed Kirke
 19502 | Lair:4   | Killed Kirke
 19864 | Lair:4   | Found a staircase to the Slime Pits.
 19864 | Lair:4   | Found a viscous altar of Jiyva.
 20057 | Lair:5   | Entered Level 5 of the Lair of Beasts
 20090 | Lair:5   | Reached skill level 14 in Spellcasting
 20552 | Lair:5   | Reached XP level 16. HP: 109/133 MP: 0/0
 20664 | Lair:5   | Identified the Compilation of Entrancing Wounds
 21203 | Snake:1  | Entered Level 1 of the Snake Pit
 21203 | Snake:1  | Identified Roxanne's Tractate on Evolution
 21203 | Snake:1  | Noticed Roxanne
 21229 | Snake:1  | Killed Roxanne
 21351 | Snake:1  | Noticed Rupert
 21355 | Snake:1  | Reached skill level 10 in Long Blades
 21358 | Snake:1  | Reached ****** piety under Ashenzari
 21366 | Snake:1  | Killed Rupert
 21898 | Snake:2  | Found Xede Kudie's General Store.
 21907 | Snake:2  | Reached skill level 15 in Spellcasting
 22074 | Snake:2  | Bought a scroll of teleportation for 42 gold pieces
 22074 | Snake:2  | Bought a scroll of fog for 56 gold pieces
 22074 | Snake:2  | Bought a scroll of poison for 56 gold pieces
 22074 | Snake:2  | Bought a wand of polymorph (6) for 117 gold pieces
 22807 | Snake:3  | Reached XP level 17. HP: 133/146 MP: 0/0
 22807 | Snake:3  | Learned a level 6 spell: Dispersal
 23146 | Snake:3  | Noticed Azrael
 23154 | Snake:3  | Killed Azrael
 23483 | Snake:4  | Entered Level 4 of the Snake Pit
 23493 | Snake:4  | Found Ykinesor's General Store.
 23503 | Snake:4  | Bought a scroll of teleportation for 42 gold pieces
 23503 | Snake:4  | Bought a scroll of poison for 56 gold pieces
 23503 | Snake:4  | Bought a wand of flame (3) for 29 gold pieces
 23503 | Snake:4  | Bought a potion of heal wounds for 70 gold pieces
 23722 | Snake:4  | Slain by a nagaraja

Illustrated notes

Levels and vault maps discovered:
D:1:      spicycebolla_arrival_ecumenical, layout_loops_ring
D:2:      layout_basic
D:3:      layout_rooms, mainiacjoe_overflow_paths, gammafunk_ghost_necromancy
D:4:      layout_rooms, tso_metal_star, mainiacjoe_overflow_catwalk,
          elyvilon_altar_5, minmay_temple_entry_stoned_glass,
          nicolae_ossuary_entry_giza, minmay_misc_feat_square, minivault_4
D:5:      layout_basic
D:6:      kennysheep_six_static_rooms, layout_basic, serial_shops,
          nicolae_shop_stone, serial_bayou_lagoon_b
D:7:      layout_basic, enter_bailey_2
D:8:      minmay_recursive_quarters, layout_layer_cave
D:9:      layout_gridville, trog_book
D:10:     kb_forest_paths, layout_basic,
          nicolae_gozag_cash_rules_everything_around_me, serial_shops, shop,
          minmay_tree_intersection, kennysheep_path_1
D:11:     layout_loops_ring, grunt_lair_entry_orc_guard_hut, uniq_lodul,
          uniq_erolcha, uniq_maurice
D:12:     layout_roguey, erik_orc_3, nicolae_trove_entry_diagonal,
          okawaru_humans
D:13:     layout_roguey, skrybe_vaults_entry_preservation, uniq_urug
Temple:   kb_temple_of_zot
Lair:1:   layout_regular_city, grunt_megastairs_4
Lair:2:   layout_hall_layers, nicolae_swamp_entry_spooky,
          chequers_serial_rivers_large_a, disabler_island
Lair:3:   layout_roguey, minmay_snake_entry_guardpost_small, beast_lair_carwin_8
Lair:4:   onia_ninara_swampy_vault, layout_loops_ring, slime_entry_1,
          st_stairs_8, uniq_kirke
Lair:5:   evilmike_catoblepas_cave, layout_regular_city, lemuel_fruit_tree,
          grunt_megastairs_3
Snake:1:  layout_rooms, nicolae_triple_integral, uniq_rupert, uniq_roxanne
Snake:2:  layout_grid_shapes, serial_shops, shop, basic_altar
Snake:3:  layout_grid_shapes, uniq_azrael
Snake:4:  snake_pit, layout_gridlike, serial_shops, shop,
          nicolae_snake_the_dead_are_slithering
Orc:1:    hellmonk_paralyzer, layout_caves, nicolae_shop_overcharged_wands
Orc:2:    st_orc_rangers, layout_caves, serial_shops, shop, shop,
          nicolae_shop_behind_doors, nicolae_shop_pleasant_corner_grove,
          nicolae_shop_tiny_waterfront, nicolae_specific_store

Skill      XL: |  1  2  3  4  5  6  7  8  9 10 11 12 13 14 15 16 17 |
---------------+----------------------------------------------------+-----
Spellcasting   | 4 5 6 7 9 10 11 12 13 14 15 | 15.9
Fighting       | 1 2 3 4 5 7 8 9 10 11 12 13 14 | 14.1
Evocations     | 1 2 3 4 |  4.0
Throwing       | 1 2 3 4 |  4.0
Armour         | 2 4 |  4.0
Long Blades    | 1 4 5 7 8 9 10 11 | 11.5
Dodging        | 3 5 7 9 10 11 | 11.9
Stealth        | |  1.5

Action                     |  1- 3 |  4- 6 |  7- 9 | 10-12 | 13-15 | 16-18 || total
---------------------------+-------+-------+-------+-------+-------+-------++-------
  Melee: Dagger            |     2 |    11 |    16 |       |       |       ||    29
         Falchion          |       |     1 |       |       |       |       ||     1
         Great sword       |       |       |       |     7 |    60 |   164 ||   231
  Throw: Dart              |       |       |     4 |     4 |     3 |    15 ||    26
   Cast: Magic Dart        |    54 |    89 |   139 |   150 |    98 |    13 ||   543
         Searing Ray       |     6 |     6 |    42 |    54 |    65 |    14 ||   187
         Iskenderun's Myst |       |     8 |    30 |    64 |   188 |    24 ||   314
         Ensorcelled Hiber |       |     4 |     4 |       |     2 |       ||    10
         Fulminant Prism   |       |       |    10 |    41 |   144 |    15 ||   210
         Gell's Gravitas   |       |       |     1 |       |    96 |    29 ||   126
         Passage of Golubr |       |       |       |     1 |     1 |       ||     2
         Dazzling Flash    |       |       |       |     1 |       |       ||     1
         Death Channel     |       |       |       |       |     9 |    22 ||    31
 Invoke: Curse Item        |       |       |     1 |     2 |     5 |     1 ||     9
         Shatter the Chain |       |       |       |       |     1 |       ||     1
    Use: Scroll            |     3 |       |       |     8 |     1 |     1 ||    13
         Potion            |       |       |       |     2 |     1 |       ||     3
   Stab: Sleeping          |       |     2 |     1 |       |       |       ||     3
         Invisible         |       |     1 |     3 |     1 |     5 |     9 ||    19
         Distracted        |       |       |       |       |     2 |     3 ||     5
 Armour: Robe              |     9 |     8 |     3 |       |       |       ||    20
         Leather armour    |       |       |    12 |    14 |       |       ||    26
         Troll leather arm |       |       |       |     1 |    12 |       ||    13
         Scale mail        |       |       |       |       |    67 |   109 ||   176
  Dodge: Dodged            |    26 |    32 |    76 |    55 |   231 |   191 ||   611
Riposte: Dagger            |     5 |     9 |    17 |       |       |       ||    31
         Falchion          |       |     4 |       |     4 |       |       ||     8
         Great sword       |       |       |       |    14 |    31 |    32 ||    77
